[ AOE2 MATCH · #506275805 ]
UnrankedPersians vs Turks
Player's team · WIN
Rival team · LOSS
[ REPLAY ANALYSIS · EXTRACTED FROM THE RECORDED GAME ]
Feudal
8:49
Castle
24:38
Imperial
31:44
| APM avg | 30.3 |
| APM peak | 82 |
| eAPM avg | 21.6 |
| Villagers / military | 192 / 454 |
Focus
⚔️ 33.0% · 🌾 67.0%
Knight ×149 · Spearman ×110 · Skirmisher ×88 · Camel Scout ×82 · Trebuchet (Packed) ×10 · Bombard Cannon ×9
Feudal
11:45
Castle
24:31
Imperial
42:53
| APM avg | 38.6 |
| APM peak | 85 |
| eAPM avg | 17.3 |
| Villagers / military | 161 / 313 |
Focus
⚔️ 25.9% · 🌾 74.1%
Scout Cavalry ×139 · Camel Scout ×84 · Janissary ×67 · Battering Ram ×11 · Bombard Cannon ×7 · Monk ×3
Match map
Initial resources + every placement click. Lines = walls · curves = elevation contours. ◆ gold · ⬟ stone · ● berries · ✦ relic · ◌ wall gap
Your base· ✓ Closed at 24:38 · 0t walls · 2 gate(s)
Muted TY's base· ✓ Closed at 24:31 · 21t walls · 2 gate(s)
Smoothed initial terrain · ◌ = detected wall gap · hover for details
Inputs per minute
— Jas - - Muted TY
Build order — Jas
First 150 of 575 actions detected
| 0:01 | Queue | Villager (Male) |
| 0:01 | Queue | Villager (Male) |
| 0:02 | Build | House |
| 0:03 | Build | House |
| 0:12 | Queue | Villager (Male) |
| 0:13 | Queue | Villager (Male) |
| 0:13 | Queue | Villager (Male) |
| 1:12 | Queue | Villager (Male) |
| 1:12 | Queue | Villager (Male) |
| 2:10 | Queue | Villager (Male) |
| 2:10 | Queue | Villager (Male) |
| 2:13 | Build | Lumber Camp |
| 2:19 | Queue | Villager (Male) |
| 2:19 | Queue | Villager (Male) |
| 2:40 | Queue | Villager (Male) |
| 2:40 | Queue | Villager (Male) |
| 2:59 | Queue | Villager (Male) |
| 2:59 | Queue | Villager (Male) |
| 3:25 | Queue | Villager (Male) |
| 3:25 | Queue | Villager (Male) |
| 3:44 | Build | House |
| 3:58 | Queue | Villager (Male) |
| 3:59 | Queue | Villager (Male) |
| 4:13 | Queue | Villager (Male) |
| 4:34 | Queue | Villager (Male) |
| 4:35 | Queue | Villager (Male) |
| 4:43 | Research | Loom |
| 4:52 | Queue | Villager (Male) |
| 4:52 | Queue | Villager (Male) |
| 5:14 | Build | Mill |
| 5:43 | Build | House |
| 6:30 | Build | Mining Camp |
| 6:42 | Research | Feudal Age |
| 7:27 | Queue | Villager (Male) |
| 7:27 | Queue | Villager (Male) |
| 8:15 | Queue | Villager (Male) |
| 8:15 | Queue | Villager (Male) |
| 8:22 | Build | House |
| 8:49 | Age | Feudal Age |
| 8:56 | Build | Watch Tower |
| 9:22 | Queue | Villager (Male) |
| 9:22 | Queue | Villager (Male) |
| 9:59 | Queue | Villager (Male) |
| 9:59 | Queue | Villager (Male) |
| 10:30 | Queue | Villager (Male) |
| 11:16 | Build | Watch Tower |
| 11:37 | Queue | Villager (Male) |
| 11:42 | Queue | Villager (Male) |
| 12:22 | Build | Watch Tower |
| 12:35 | Queue | Villager (Male) |
| 12:35 | Queue | Villager (Male) |
| 12:41 | Build | House |
| 12:43 | Queue | Villager (Male) |
| 12:43 | Queue | Villager (Male) |
| 13:39 | Queue | Villager (Male) |
| 13:39 | Queue | Villager (Male) |
| 13:40 | Queue | Villager (Male) |
| 13:56 | Queue | Villager (Male) |
| 14:38 | Queue | Villager (Male) |
| 14:38 | Queue | Villager (Male) |
| 14:40 | Build | Farm |
| 14:41 | Build | Farm |
| 14:57 | Queue | Villager (Male) |
| 14:57 | Queue | Villager (Male) |
| 14:57 | Queue | Villager (Male) |
| 15:04 | Build | Farm |
| 15:06 | Build | Farm |
| 15:09 | Build | Farm |
| 15:14 | Queue | Villager (Male) |
| 15:15 | Queue | Villager (Male) |
| 15:18 | Build | Farm |
| 15:35 | Queue | Villager (Male) |
| 15:35 | Queue | Villager (Male) |
| 15:43 | Build | Farm |
| 15:58 | Build | Lumber Camp |
| 15:59 | Queue | Villager (Male) |
| 16:00 | Queue | Villager (Male) |
| 16:02 | Build | Farm |
| 16:03 | Build | Farm |
| 16:05 | Build | Farm |
| 16:09 | Queue | Villager (Male) |
| 16:09 | Queue | Villager (Male) |
| 16:19 | Build | House |
| 16:28 | Queue | Villager (Male) |
| 16:29 | Queue | Villager (Male) |
| 16:38 | Queue | Villager (Male) |
| 16:39 | Queue | Villager (Male) |
| 16:44 | Build | House |
| 16:53 | Queue | Villager (Male) |
| 16:53 | Queue | Villager (Male) |
| 16:53 | Queue | Villager (Male) |
| 17:04 | Research | Double-Bit Axe |
| 17:04 | Research | Double-Bit Axe |
| 17:13 | Build | House |
| 17:15 | Queue | Villager (Male) |
| 17:16 | Queue | Villager (Male) |
| 17:29 | Queue | Villager (Male) |
| 17:29 | Queue | Villager (Male) |
| 17:36 | Build | Farm |
| 17:45 | Research | Horse Collar |
| 18:10 | Build | Farm |
| 18:14 | Build | Farm |
| 18:16 | Queue | Villager (Male) |
| 18:16 | Queue | Villager (Male) |
| 18:21 | Build | Farm |
| 18:27 | Queue | Villager (Male) |
| 18:27 | Queue | Villager (Male) |
| 18:40 | Build | Mining Camp |
| 18:43 | Build | Farm |
| 18:46 | Queue | Villager (Male) |
| 18:46 | Queue | Villager (Male) |
| 18:47 | Queue | Villager (Male) |
| 19:06 | Build | Farm |
| 19:12 | Build | Lumber Camp |
| 19:15 | Queue | Villager (Male) |
| 19:15 | Queue | Villager (Male) |
| 19:44 | Build | Market |
| 21:04 | Build | Farm |
| 21:06 | Build | Farm |
| 21:10 | Build | Farm |
| 21:11 | Build | Farm |
| 21:12 | Build | Farm |
| 21:13 | Build | Farm |
| 21:21 | Build | House |
| 21:22 | Build | House |
| 21:23 | Build | House |
| 21:24 | Build | House |
| 21:25 | Build | House |
| 21:39 | Build | Blacksmith |
| 21:43 | Queue | Villager (Male) |
| 21:44 | Queue | Villager (Male) |
| 21:44 | Queue | Villager (Male) |
| 22:12 | Research | Castle Age |
| 22:21 | Build | Barracks |
| 22:24 | Queue | Villager (Male) |
| 22:32 | Research | Gold Mining |
| 22:35 | Research | Stone Mining |
| 23:10 | Build | Lumber Camp |
| 23:45 | Build | Stable |
| 23:47 | Build | Stable |
| 23:54 | Research | Forging |
| 23:56 | Research | Scale Barding Armor |
| 23:57 | Queue | Villager (Male) |
| 23:57 | Queue | Villager (Male) |
| 24:22 | Research | Wheelbarrow |
| 24:30 | Build | House |
| 24:38 | Age | Castle Age |
| 24:42 | Research | Bloodlines |
| 24:45 | Research | Husbandry |
| 24:47 | Queue | Villager (Male) |
Build order — Muted TY
First 150 of 447 actions detected
| 0:01 | Queue | Villager (Male) ×4 |
| 0:01 | Queue | Villager (Male) |
| 0:02 | Build | House |
| 0:03 | Build | House |
| 1:31 | Queue | Villager (Male) |
| 1:55 | Build | Lumber Camp |
| 2:08 | Queue | Villager (Male) |
| 2:38 | Queue | Villager (Male) ×2 |
| 3:04 | Build | House |
| 3:29 | Queue | Villager (Male) |
| 3:57 | Queue | Villager (Male) |
| 4:22 | Build | Mill |
| 4:35 | Queue | Villager (Male) ×2 |
| 4:41 | Build | House |
| 5:20 | Queue | Villager (Male) ×2 |
| 5:54 | Queue | Villager (Male) |
| 6:14 | Queue | Villager (Male) ×3 |
| 6:23 | Build | Mill |
| 7:16 | Build | Mining Camp |
| 7:21 | Queue | Villager (Male) |
| 7:21 | Queue | Villager (Male) |
| 7:21 | Queue | Villager (Male) |
| 7:25 | Research | Loom |
| 8:04 | Build | Mining Camp |
| 9:21 | Research | Feudal Age |
| 9:30 | Build | House |
| 9:31 | Build | House |
| 9:32 | Build | House |
| 9:33 | Build | House |
| 9:34 | Build | House |
| 10:15 | Build | House |
| 10:20 | Build | Palisade Wall |
| 11:19 | Queue | Villager (Male) |
| 11:19 | Queue | Villager (Male) |
| 11:45 | Age | Feudal Age |
| 11:46 | Build | Palisade Wall |
| 11:54 | Build | Watch Tower |
| 12:28 | Build | Watch Tower |
| 12:41 | Build | Blacksmith |
| 12:58 | Queue | Villager (Male) |
| 12:58 | Queue | Villager (Male) |
| 12:59 | Queue | Villager (Male) |
| 12:59 | Queue | Villager (Male) |
| 13:22 | Build | Palisade Wall |
| 13:41 | Queue | Villager (Male) |
| 13:41 | Queue | Villager (Male) |
| 13:59 | Research | Fletching |
| 14:05 | Queue | Villager (Male) |
| 14:05 | Queue | Villager (Male) |
| 14:28 | Build | Farm |
| 14:28 | Build | Farm |
| 14:28 | Build | Farm |
| 14:29 | Build | Farm |
| 14:59 | Build | Watch Tower |
| 15:31 | Build | Farm |
| 15:31 | Build | Farm |
| 15:32 | Build | Farm |
| 15:32 | Build | Farm |
| 15:32 | Build | Farm |
| 16:28 | Build | Farm |
| 16:28 | Build | Farm |
| 16:30 | Queue | Villager (Male) |
| 16:31 | Queue | Villager (Male) |
| 16:31 | Queue | Villager (Male) |
| 17:02 | Research | Double-Bit Axe |
| 17:07 | Research | Horse Collar |
| 17:21 | Build | Farm |
| 17:21 | Build | Farm |
| 17:21 | Build | Farm |
| 17:22 | Build | Farm |
| 17:46 | Queue | Villager (Male) |
| 17:46 | Queue | Villager (Male) |
| 17:46 | Queue | Villager (Male) |
| 17:47 | Queue | Villager (Male) |
| 17:47 | Queue | Villager (Male) |
| 18:17 | Build | Watch Tower |
| 18:25 | Build | Farm |
| 18:25 | Build | Farm |
| 18:26 | Build | Farm |
| 18:26 | Build | Farm |
| 18:26 | Build | Farm |
| 18:40 | Queue | Villager (Male) |
| 18:44 | Build | House |
| 18:49 | Build | Farm |
| 18:49 | Build | Farm |
| 18:49 | Build | Farm |
| 18:51 | Build | House |
| 19:16 | Build | Farm |
| 19:16 | Build | Farm |
| 19:16 | Build | Farm |
| 19:17 | Build | Farm |
| 19:17 | Build | Farm |
| 19:51 | Build | Farm |
| 19:52 | Build | Farm |
| 19:52 | Build | Farm |
| 19:52 | Build | Farm |
| 20:46 | Queue | Villager (Male) |
| 20:48 | Queue | Villager (Male) |
| 20:52 | Build | Market |
| 21:42 | Build | Lumber Camp |
| 21:51 | Research | Castle Age |
| 21:57 | Research | Gold Mining |
| 22:02 | Research | Stone Mining |
| 22:06 | Build | Farm |
| 22:06 | Build | Farm |
| 22:06 | Build | Farm |
| 22:28 | Queue | Villager (Male) |
| 22:29 | Queue | Villager (Male) |
| 23:00 | Build | Lumber Camp |
| 24:31 | Age | Castle Age |
| 24:34 | Build | Castle |
| 24:36 | Queue | Villager (Male) |
| 24:37 | Queue | Villager (Male) |
| 24:46 | Build | Town Center |
| 24:59 | Build | Town Center |
| 25:04 | Queue | Villager (Male) |
| 25:04 | Queue | Villager (Male) |
| 25:41 | Build | Gate |
| 26:00 | Queue | Janissary ×5 |
| 26:06 | Build | Monastery |
| 26:14 | Build | Farm |
| 26:14 | Build | Farm |
| 26:14 | Build | Farm |
| 26:14 | Build | Farm |
| 26:14 | Build | Farm |
| 26:15 | Build | Farm |
| 26:15 | Build | Farm |
| 26:15 | Build | Farm |
| 26:31 | Queue | Villager (Male) ×5 |
| 26:43 | Queue | Janissary ×3 |
| 26:53 | Build | Siege Workshop |
| 27:19 | Build | Siege Workshop |
| 27:21 | Queue | Janissary |
| 27:30 | Queue | Villager (Male) ×5 |
| 27:37 | Build | Farm |
| 27:37 | Build | Farm |
| 27:38 | Build | Farm |
| 27:38 | Build | Farm |
| 27:38 | Build | Farm |
| 27:38 | Build | Farm |
| 27:38 | Build | Farm |
| 27:39 | Build | Farm |
| 27:47 | Queue | Janissary ×2 |
| 28:00 | Build | Farm |
| 28:00 | Build | Farm |
| 28:01 | Build | Farm |
| 28:01 | Build | Farm |
| 28:20 | Queue | Villager (Male) ×5 |
| 28:22 | Queue | Janissary ×2 |
| 28:26 | Queue | Battering Ram |
Match timeline
| 8:49 | Jas · age_up feudal |
| 10:20 | Muted TY · wall_segment Palisade Wall x9 |
| 11:45 | Muted TY · age_up feudal |
| 11:46 | Muted TY · wall_segment Palisade Wall x11 |
| 13:22 | Muted TY · wall_segment Palisade Wall x1 |
| 22:21 | Jas · first_building Barracks |
| 23:45 | Jas · first_building Stable |
| 24:31 | Muted TY · age_up castle |
| 24:34 | Muted TY · first_building Castle |
| 24:38 | Jas · age_up castle |
| 24:55 | Muted TY · first_market_buy 100 stone |
| 25:08 | Jas · first_market_buy 100 wood |
| 26:06 | Muted TY · first_building Monastery |
| 26:40 | Muted TY · first_market_sell 100 food |
| 26:53 | Muted TY · first_building Siege Workshop |
| 27:48 | Jas · first_building Monastery |
| 29:39 | Jas · first_building Siege Workshop |
| 29:56 | Jas · first_building Castle |
| 31:44 | Jas · age_up imperial |
| 35:37 | Jas · first_market_sell 100 wood |
| 37:46 | Jas · first_building Archery Range |
| 38:44 | Muted TY · first_building Barracks |
| 40:39 | Muted TY · first_building Stable |
| 42:53 | Muted TY · age_up imperial |
| 57:19 | Muted TY · resign |
[ AI ANALYSIS · 1 CREDIT ]
What really happened in this match?
Wolo.gg analyzes every decision: build order, eco, micro, common mistakes by bracket. Personalized analysis on WhatsApp or Discord in 30 seconds.
Civ guide
Persians
Perfil
Jugador #24026933